 Dungeon Sprint DCSS version 0.16-a0-3540-gcd4db26 (webtiles) character file.

5963 BluebellGnoll the Thaumaturge (level 10, 31/50 HPs)
             Began as an Octopode Enchanter on Jan 9, 2015.
             Was the Champion of Vehumet.
             Quit the game in the Dungeon (Sprint V: "Ziggurat Sprint").
             The game lasted 00:28:11 (937 turns).

BluebellGnoll the Thaumaturge (Octopode Enchanter)   Turns: 937, Time: 00:28:12

Health: 31/50      AC:  5    Str: 19    XL:     10   Next: 84%
Magic:  9/30       EV: 11    Int: 28    God:    Vehumet [******]
Gold:   0          SH: 29    Dex: 22    Spells: 8 memorised, 7 levels left

rFire  . . .     SeeInvis .     R - +6 quick blade (freeze)
rCold  . . .     Rnd*Rage +     L - +18 shield of the gong {rElec rN+ MR+ EV-5}
rNeg   + + .     SustAb   .     (helmet restricted)
rPois  .         Gourm    .     U - amulet of warding
rElec  +         Spirit   .     o - +6 ring of dexterity
rCorr  .         Warding  +     p - +6 ring of dexterity
rMut   .         NoTele   +     q - +6 ring of intelligence
MR     ++...                    r - +6 ring of intelligence
Stlth  ++++++....               s - +6 ring of strength
                                t - +6 ring of strength
                                H - +4 ring of protection
                                T - ring of protection from magic

@: very resistant to hostile enchantments, very stealthy
A: almost no armour, amphibious, 8 rings, constrict 8, camouflage 1, berserk 1,
clumsy 1, deformed body, deterioration 2, dopey 2, frail 1, weak 1, gelatinous
body 1, no device heal 1, forlorn, placid magic 3
a: Renounce Religion


You were in the Dungeon.
You worshipped Vehumet.
Vehumet was exalted by your worship.
You were very full.

You visited 1 branch

Inventory:

Hand weapons
 M - a +5 quick blade of flaming
 R - a +6 quick blade of freezing (weapon)
Armour
 L - the +18 shield of the gong (worn) {rElec rN+ MR+ EV-5}
   (You found it in the Dungeon)

   It affects your evasion (-5).
   It insulates you from electricity.
   It protects you from negative energy.
   It affects your resistance to hostile enchantments.
Magical staves
 n - an uncursed staff of energy
Jewellery
 a - the amulet "Gorchijeu" {rCorr Str+3 Dex+1}
   (You found it in the Dungeon)

   [amulet of resist corrosion]

   It protects you from acid and corrosion.
   It affects your strength (+3).
   It affects your dexterity (+1).
 o - a +6 ring of dexterity (left tentacle)
 p - a +6 ring of dexterity (right tentacle)
 q - a +6 ring of intelligence (on tentacle)
 r - a +6 ring of intelligence (on tentacle)
 s - a +6 ring of strength (on tentacle)
 t - a +6 ring of strength (on tentacle)
 H - a +4 ring of protection (on tentacle)
 K - an uncursed amulet of resist corrosion
 N - the ring of the Republic {Ice Str+3}
   (You found it in the Dungeon)

   [ring of ice]

   It enhances your ice magic, and weakens your fire magic.
   It affects your strength (+3).
   It makes you vulnerable to fire.
   It protects you from cold.
 T - a ring of protection from magic (on tentacle)
 U - an amulet of warding (around mantle)
Magical devices
 b - a wand of disintegration (7)
 k - a wand of fire (1)
 l - a wand of cold (3)
 m - a wand of draining (5)
Scrolls
 j - a scroll of blinking
 w - 4 scrolls of amnesia
 x - 3 scrolls of recharging
 y - 7 scrolls of fog
 z - a scroll of holy word
 A - 5 scrolls of identify
 B - 5 scrolls of remove curse
 C - a scroll of fear
 S - 4 scrolls of enchant armour
Potions
 e - 10 potions of curing
 f - 6 potions of heal wounds
 g - 4 potions of haste
 h - 7 potions of magic
 i - 2 potions of berserk rage
 D - 2 potions of brilliance
 E - a potion of invisibility
 F - 2 potions of restore abilities
 G - 4 potions of resistance
 I - 4 potions of agility
 J - 4 potions of might
Books
 V - Lehudib's Volume of Attacks
   (You found it in the Dungeon)

   Spells                             Type                      Level
   a - Dazzling Spray                 Conjuration/Hexes            3
   b - Fulminant Prism                Conjuration/Hexes            4
   c - Lightning Bolt                 Conjuration/Air              5
 W - a book of Annihilations

   Spells                             Type                      Level
   a - Poison Arrow                   Conjuration/Poison           6
   b - Chain Lightning                Conjuration/Air              8
   c - Lehudib's Crystal Spear        Conjuration/Earth            8
   d - Glaciate                       Conjuration/Ice              9
   e - Fire Storm                     Conjuration/Fire             9
Miscellaneous
 O - a plain deck of defence {drawn: 1}
 Q - a stone of tremors
Comestibles
 d - 5 bread rations
 u - 42 fruits
 v - 2 meat rations


   Skills:
 * Level 6.8 Short Blades
 - Level 6.3 Dodging
 - Level 8.5 Stealth
 - Level 7.3 Shields
 - Level 12.0 Spellcasting
 - Level 10.7 Conjurations
 - Level 8.2 Hexes
 - Level 10.3 Ice Magic
 * Level 6.9 Air Magic


You had 7 spell levels left.
You knew the following spells:

 Your Spells              Type           Power        Failure   Level  Hunger
a - Corona                Hex            ####...      0%          1    None
b - Ensorcelled Hibernat  Hex/Ice        ####..       0%          2    None
c - Confuse               Hex            ####....     0%          3    None
d - Inner Flame           Hex/Fire       ###.....     0%          3    None
e - Dazzling Spray        Conj/Hex       ####....     0%          3    None
f - Enslavement           Hex            ####....     0%          4    None
g - Bolt of Cold          Conj/Ice       ####......   1%          6    #####..
h - Summon Lightning Spi  Summ/Air       ##......     1%          4    None


Dungeon Overview and Level Annotations

Branches:
Dungeon (1/1)

Altars:
Ashenzari
Cheibriados
Dithmenos
Elyvilon
Fedhas
Gozag
Kikubaaqudgha
Makhleb
Nemelex Xobeh
Okawaru
Qazlal
Ru
Sif Muna
Trog
Vehumet
Xom
Yredelemnul
Zin
The Shining One
Beogh
Jiyva
Lugonu


Innate Abilities, Weirdness & Mutations

You cannot wear most types of armour.
You are amphibious.
You can wear up to eight rings at the same time.
You can use your tentacles to constrict many enemies at once.
Your skin changes colour to match your surroundings (Stealth).
Your rubbery body absorbs attacks (AC +1).
You tend to lose your temper in combat.
You are clumsy. (Dex -2)
Your body is misshapen.
Your body is deteriorating.
You are very dopey. (Int -4)
You are frail (-10% HP).
You are weak. (Str -2)
Potions and wands are less effective at restoring your health.
You have difficulty communicating with the divine.
Your spells are much easier to cast, but much less powerful.


Message History

You squeeze the large slime creature.
The large slime creature is heavily wounded.
You hit the large slime creature. You freeze the large slime creature.
The large slime creature is severely wounded.
You catch the helpless large slime creature completely off-guard!
You impale the large slime creature!! You freeze the large slime creature.
The large slime creature is almost dead.
You catch the helpless large slime creature completely off-guard!
You impale the large slime creature!! You freeze the large slime creature.
You kill the large slime creature!
Vehumet accepts your kill.
You feel your power returning.
No target in view!
Drink which item? (? for menu, Esc to quit)
Okay, then.
You see here a lantern of shadows.
a - the amulet "Gorchijeu" {rCorr Str+3 Dex+1} You see here a cursed staff of conjuration.
You see here the +7 lajatang of Order {silver, rMut}.
Are you sure you want to abandon this character and quit the game? (Confirm with "yes".)

▓.....†...▓.......▓
▓.........▓.......▓
▓.........▓....††.▓
▓......†..▓...)..[▓
▓.▓.....▓.▓.......▓
▓.........▓.......▓
▓▓▓▓▓▓▓▓▓▓▓▓▓▓▓▓▓▓▓
▓...8©8...▓
▓..|[@....▓
▓...}|)}..▓
▓.........▓
▓.........▓
▓.........▓
▓.........▓
▓.▓.....▓.▓
▓.........▓
▓▓▓▓▓▓▓▓▓▓▓


There were no monsters in sight!

Vanquished Creatures
  2 hell hogs (D)
  A thrashing horror (D)
  3 shining eyes (D)
  A sixfirhy (D)
  An efreet (D)
  2 fire vortices (D)
  3 slime creatures (D)
  A chaos spawn (D)
  A ynoxinul (D)
  2 fire elementals (D)
  A hell hound (D)
  2 nagas (D)
  An eye of draining (D)
  3 orc warriors (D)
  2 scorpions (D)
  A crimson imp (D)
  An iron imp (D)
  7 jellies (D)
  3 shadow imps (D)
  A white imp (D)
  2 giant eyeballs (D)
  2 ufetubi (D)
  An ooze (D)
  An orc (D)
  4 ball pythons (D)
  A giant cockroach zombie (D)
50 creatures vanquished.

Vanquished Creatures (collateral kills)
  An orc priest (D)
  2 orc wizards (D)
3 creatures vanquished.

Vanquished Creatures (others)
  A thrashing horror (D)
1 creature vanquished.

Grand Total: 54 creatures vanquished

Notes
Turn   | Place    | Note
--------------------------------------------------------------
     0 | D        | BluebellGnoll, the Octopode Enchanter, began the quest for the Orb.
     0 | D        | Reached XP level 1. HP: 11/11 MP: 3/3
     0 | D        | Found a viscous altar of Jiyva.
     0 | D        | Found a corrupted altar of Lugonu.
     0 | D        | Found a white marble altar of Elyvilon.
     2 | D        | Found a sparkling altar of Nemelex Xobeh.
     2 | D        | Found a burning altar of Makhleb.
     2 | D        | Found a deep blue altar of Sif Muna.
     3 | D        | Found a bloodstained altar of Trog.
     7 | D        | Found an iron altar of Okawaru.
    16 | D        | Found a radiant altar of Vehumet.
    17 | D        | Found a basalt altar of Yredelemnul.
    37 | D        | Found a shimmering altar of Xom.
    48 | D        | Became a worshipper of Vehumet
    54 | D        | Reached skill level 7 in Shields
    54 | D        | Reached XP level 2. HP: 17/17 MP: 4/4
    58 | D        | Learned a level 2 spell: Ensorcelled Hibernation
    73 | D        | Entered arena 1.
    73 | D        | Noticed a scorpion
    73 | D        | Noticed a scorpion
    76 | D        | Killed a scorpion
    76 | D        | Reached skill level 5 in Hexes
    76 | D        | Reached XP level 3. HP: 21/21 MP: 2/8
    76 | D        | Reached XP level 4. HP: 27/27 MP: 2/10
    79 | D        | Killed a scorpion
    79 | D        | Reached skill level 8 in Stealth
    87 | D        | Learned a level 3 spell: Confuse
    91 | D        | Learned a level 3 spell: Dazzling Spray
   143 | D        | Entered arena 2.
   143 | D        | Noticed an iron imp
   155 | D        | Killed an iron imp
   155 | D        | Acquired Vehumet's first power
   155 | D        | Offered knowledge of Freeze by Vehumet.
   155 | D        | Reached XP level 5. HP: 31/31 MP: 2/13
   169 | D        | Identified the Papyrus of the Snowflakes (You found it in the Dungeon)
   241 | D        | Entered arena 3.
   241 | D        | Noticed a jelly
   241 | D        | Noticed a slime creature
   241 | D        | Noticed a jelly
   245 | D        | Killed a jelly
   245 | D        | Reached skill level 5 in Spellcasting
   256 | D        | Killed a jelly
   258 | D        | Killed a slime creature
   258 | D        | Reached XP level 6. HP: 36/36 MP: 7/21
   271 | D        | Got the ring of the Median {Wiz rF-}
   278 | D        | Learned a level 4 spell: Enslavement
   285 | D        | Learned a level 6 spell: Bolt of Cold
   336 | D        | Entered arena 4.
   336 | D        | Noticed a crimson imp
   347 | D        | Killed a crimson imp
   347 | D        | Offered knowledge of Throw Flame by Vehumet.
   347 | D        | Acquired Vehumet's second power
   347 | D        | Reached skill level 1 in Ice Magic
   354 | D        | Acquired Vehumet's third power
   359 | D        | Got the ring of the Republic {Ice Str+3}
   398 | D        | Entered arena 5.
   398 | D        | Noticed a jelly
   398 | D        | Noticed a jelly
   398 | D        | Noticed a jelly
   398 | D        | Noticed a jelly
   404 | D        | Killed a jelly
   404 | D        | Reached skill level 1 in Conjurations
   404 | D        | Reached XP level 7. HP: 41/41 MP: 23/23
   405 | D        | Killed a jelly
   406 | D        | Killed a jelly
   407 | D        | Killed a jelly
   415 | D        | Entered arena 6.
   415 | D        | Noticed a thrashing horror
   415 | D        | Noticed a ynoxinul
   415 | D        | Noticed a chaos spawn
   415 | D        | Noticed a sixfirhy
   424 | D        | Killed a ynoxinul
   435 | D        | a thrashing horror (ally) was killed
   436 | D        | Killed a chaos spawn
   436 | D        | Reached skill level 5 in Conjurations
   436 | D        | Reached skill level 5 in Ice Magic
   444 | D        | Killed a thrashing horror
   444 | D        | Reached XP level 8. HP: 40/46 MP: 7/25
   448 | D        | Killed a sixfirhy
   448 | D        | Reached skill level 9 in Conjurations
   448 | D        | Reached XP level 9. HP: 45/51 MP: 11/25
   568 | D        | Entered arena 7.
   568 | D        | Noticed a naga
   568 | D        | Noticed a naga
   573 | D        | Offered knowledge of Inner Flame by Vehumet.
   588 | D        | Killed a naga
   596 | D        | Killed a naga
   613 | D        | Identified Lehudib's Volume of Attacks (You found it in the Dungeon)
   668 | D        | Entered arena 8.
   668 | D        | Noticed an orc wizard
   668 | D        | Noticed an orc priest
   668 | D        | Noticed an orc wizard
   668 | D        | Noticed an orc warrior
   668 | D        | Noticed an orc warrior
   668 | D        | Noticed an orc warrior
   669 | D        | Killed an orc warrior
   673 | D        | Killed an orc priest
   675 | D        | Killed an orc wizard
   685 | D        | Killed an orc wizard
   693 | D        | Killed an orc warrior
   693 | D        | Reached skill level 5 in Dodging
   697 | D        | Killed an orc warrior
   719 | D        | Learned a level 3 spell: Inner Flame
   748 | D        | Entered arena 9.
   748 | D        | Noticed a fire vortex
   748 | D        | Noticed a hell hog
   748 | D        | Noticed a fire vortex
   748 | D        | Noticed a fire elemental
   748 | D        | Noticed a hell hog
   748 | D        | Noticed an efreet
   748 | D        | Noticed a hell hound
   748 | D        | Noticed a fire elemental
   755 | D        | Killed an efreet
   755 | D        | Offered knowledge of Force Lance by Vehumet.
   755 | D        | Reached skill level 10 in Spellcasting
   756 | D        | Killed a fire elemental
   758 | D        | Killed a fire elemental
   765 | D        | Killed a hell hog
   765 | D        | Reached skill level 11 in Spellcasting
   765 | D        | Reached skill level 10 in Conjurations
   765 | D        | Reached XP level 10. HP: 54/56 MP: 26/29
   770 | D        | Killed a hell hound
   770 | D        | Reached skill level 10 in Ice Magic
   771 | D        | Killed a hell hog
   771 | D        | Killed a fire vortex
   779 | D        | Killed a fire vortex
   779 | D        | Reached skill level 12 in Spellcasting
   785 | D        | Learned a level 4 spell: Summon Lightning Spire
   837 | D        | Entered arena 10.
   837 | D        | Noticed a shining eye
   837 | D        | Noticed a slime creature
   837 | D        | Noticed an eye of draining
   837 | D        | Noticed a jelly
   837 | D        | Noticed a slime creature
   837 | D        | Noticed a shining eye
   837 | D        | Noticed a slime creature
   837 | D        | Noticed a shining eye
   843 | D        | Gained mutation: You are weak. (Str -2) [a shining eye]
   844 | D        | Killed a shining eye
   844 | D        | Gained mutation: You are dopey. (Int -2) [a shining eye]
   849 | D        | Paralysed by a giant eyeball for 2 turns
   852 | D        | Gained mutation: Your body is slowly deteriorating. [a shining eye]
   854 | D        | Killed an eye of draining
   862 | D        | Gained mutation: Your spells are a little easier to cast, but a little less powerful. [a shining eye]
   873 | D        | Gained mutation: Your spells are easier to cast, but less powerful. [a shining eye]
   874 | D        | Killed a jelly
   876 | D        | Killed a slime creature
   876 | D        | Gained mutation: You have difficulty communicating with the divine. [a shining eye]
   880 | D        | Gained mutation: Your body is misshapen. [a shining eye]
   881 | D        | Gained mutation: Your spells are much easier to cast, but much less powerful. [a shining eye]
   886 | D        | HP: 1/56 [slime creature (18)]
   889 | D        | Gained mutation: You tend to lose your temper in combat. [a shining eye]
   895 | D        | Gained mutation: You are frail (-10% HP). [a shining eye]
   901 | D        | Gained mutation: Your body is deteriorating. [a shining eye]
   909 | D        | Gained mutation: You are very dopey. (Int -4) [a shining eye]
   911 | D        | Gained mutation: Potions and wands are less effective at restoring your health. [a shining eye]
   914 | D        | Gained mutation: You are clumsy. (Dex -2) [a shining eye]
   916 | D        | Killed a shining eye
   916 | D        | Offered knowledge of Olgreb's Toxic Radiance by Vehumet.
   916 | D        | Reached skill level 5 in Short Blades
   916 | D        | Reached skill level 5 in Air Magic
   919 | D        | Killed a shining eye
   931 | D        | Killed a large slime creature
   934 | D        | Got the amulet "Gorchijeu" {rCorr Str+3 Dex+1}
   937 | D        | Quit the game

Action                   |  1- 3 |  4- 6 |  7- 9 | 10-12 || total
-------------------------+-------+-------+-------+-------++-------
Melee: Quick blade       |     1 |    24 |    32 |    19 ||    76
 Cast: Ensorcelled Hiber |     1 |     3 |     5 |     1 ||    10
       Confuse           |       |    11 |    14 |     4 ||    29
       Dazzling Spray    |       |       |     1 |       ||     1
       Bolt of Cold      |       |       |     1 |     4 ||     5
       Enslavement       |       |       |     1 |       ||     1
Evoke: Staff of energy   |       |     6 |       |       ||     6
       Wand              |       |       |     2 |     4 ||     6
       Phantom mirror    |       |       |     1 |       ||     1
       Deck              |       |       |       |     1 ||     1
       Stone of tremors  |       |       |       |     1 ||     1
  Use: Potion            |     1 |     3 |     4 |     3 ||    11
       Scroll            |       |     1 |     3 |     2 ||     6
 Stab: Sleeping          |     1 |     6 |    10 |     2 ||    19
       Confused          |       |     6 |     3 |     5 ||    14
       Invisible         |       |       |     1 |       ||     1
  Eat: Meat ration       |       |       |     2 |       ||     2
